 Dungeon Sprint DCSS version 0.21-a0-400-g417d9d2 (webtiles) character file.

5300 Amnesiac the Thaumaturge (level 10, -3/83 HPs)
             Began as a Gnoll Earth Elementalist on Oct 20, 2017.
             Was an Elder of Dithmenos.
             Slain by a demonic crawler (6 damage)
             ... in the Dungeon (Sprint I: "Red Sonja").
             The game lasted 00:06:34 (1521 turns).

Amnesiac the Thaumaturge (Gnoll Earth Elementalist) Turns: 1521, Time: 00:06:34

Health: -3/83      AC:  4    Str: 11    XL:     10   Next: 63%
Magic:  19/24      EV: 19    Int: 17    God:    Dithmenos [****..]
Gold:   392        SH:  0    Dex: 16    Spells: 17/29 levels left

rFire    . . .     SeeInvis .   n - +2 dagger (pain)
rCold    + . .     Gourm    .   (no shield)
rNeg     . . .     Faith    +   c - +0 robe
rPois    .         Spirit   .   (no helmet)
rElec    +         Reflect  .   l - +0 cloak
rCorr    .         Harm     .   (no gloves)
MR       .....     NoTele   +   (no boots)
Stlth    +++++++++.             v - amulet of faith
HPRegen  0.23/turn              t - ring "Nolodeo" {*Drain rElec rC+ Int-3 Stlth+} (curse)
MPRegen  0.19/turn              u - ring of stealth

@: very slightly contaminated, wreathed by umbra
A: distributed training, fangs 1, strong nose
a: Shadow Step, Renounce Religion


You were in the Dungeon.
You worshipped Dithmenos.
Dithmenos was greatly pleased with you.
You were near starving.

You visited 1 branch You collected 1258 gold pieces.
You spent 866 gold pieces at shops.

Inventory:

Hand Weapons
 f - a +4 rapier
 n - a +2 dagger of pain (weapon)
 s - a +0 blowgun
Missiles
 g - 19 stones (quivered)
 j - 10 curare-tipped needles
Armour
 c - a +0 robe (worn)
 l - a +0 cloak (worn)
Jewellery
 t - the cursed ring "Nolodeo" (left hand) {*Drain rElec rC+ Int-3 Stlth+}
   (You bought it in a shop in the Dungeon)

   [ring of intelligence]

   It affects your intelligence (-3).
   It protects you from cold.
   It insulates you from electricity.
   It causes draining when unequipped.
   It makes you more stealthy.
   It has a curse placed upon it.
 u - a ring of stealth (right hand)
 v - an amulet of faith (around neck)
Wands
 o - a wand of digging (17/24)
 q - a wand of iceblast (7/15)
Scrolls
 p - a scroll of identify {!r, unknown}
Potions
 e - 3 potions of curing {!q}
 h - 2 potions of magic {!q}
 i - a potion of berserk rage {!q}
 r - 2 potions of degeneration {!q, unknown}
Books
 k - a book of Geomancy

   Spells                             Type                      Level
   a - Sandblast                      Earth                        1
   b - Passwall                       Transmutation/Earth          2
   c - Stone Arrow                    Conjuration/Earth            3
   d - Petrify                        Transmutation/Earth          4
   e - Lee's Rapid Deconstruction     Earth                        5
Comestibles
 a - a meat ration
 d - a bread ration
 m - 3 fruits


   Skills:
 + Level 9.1 Fighting
 + Level 9.1 Short Blades
 + Level 9.1 Long Blades
 + Level 9.1 Axes
 + Level 9.1 Maces & Flails
 + Level 9.1 Polearms
 + Level 9.1 Staves
 + Level 9.1 Slings
 + Level 9.1 Bows
 + Level 9.1 Crossbows
 + Level 9.1 Throwing
 + Level 9.1 Armour
 + Level 10.1 Dodging
 + Level 10.0 Stealth
 + Level 9.1 Shields
 + Level 9.1 Unarmed Combat
 + Level 10.3 Spellcasting
 + Level 7.5 Conjurations
 + Level 7.5 Hexes
 + Level 7.5 Charms
 + Level 7.5 Summonings
 + Level 7.5 Necromancy
 + Level 7.5 Translocations
 + Level 7.9 Transmutations
 + Level 7.5 Fire Magic
 + Level 7.5 Ice Magic
 + Level 7.5 Air Magic
 + Level 9.4 Earth Magic
 + Level 7.5 Poison Magic
 + Level 9.9 Invocations
 + Level 9.1 Evocations


You had 17 spell levels left.
You knew the following spells:

 Your Spells              Type           Power        Failure   Level  Hunger
a - Sandblast             Erth           #####.       1%          1    None
b - Passwall              Tmut/Erth      #####.....   1%          2    None
d - Lee's Rapid Deconstr  Erth           #####.....   4%          5    #####..
e - Petrify               Tmut/Erth      #####...     2%          4    ###....


Dungeon Overview and Level Annotations

Branches:
Dungeon (1/1)

Altars:
Cheibriados
Dithmenos
Elyvilon
Fedhas
Gozag
Hepliaklqana
Kikubaaqudgha
Makhleb
Nemelex Xobeh
Okawaru
Qazlal
Ru
Sif Muna
Trog
Uskayaw
Vehumet
Wu Jian
Xom
Yredelemnul
Zin
The Shining One
Jiyva
Lugonu

Shops:
D =%[


Innate Abilities, Weirdness & Mutations

Your experience applies equally to all skills.
You have very sharp teeth.
Your uncanny sense of smell can sniff out nearby items.


Message History

The blast of sand hits the floating eye.
You kill the floating eye!
Dithmenos accepts your kill.
g - 20 stones A jelly and a necrophage come into view.
Unknown command.
Something completely misses you. As you open the door, it creaks loudly!
Something barely misses you. The jelly misses you.
The jelly jiggles.
Something hits you!
Deactivating autopickup; reactivate with Ctrl-A.
There is an open door here.
Something hits you but does no damage.
Something is blocking the doorway!
Something closely misses you. Something hits you!
Something is blocking the doorway!
Something misses you. Something hits you!
Something is blocking the doorway!
Something barely misses you. Something hits you!
* * * LOW HITPOINT WARNING * * *
Casting: Sandblast
Confirm with . or Enter, or press ? or * to list all spells.
Aiming: Sandblast
Press: ? - help, Shift-Dir - straight line, f - demonic crawler
Aim: a demonic crawler (clinging, umbra)
The blast of sand hits something.
g - 19 stones Something hits you.
* * * LOW HITPOINT WARNING * * *
Unknown command.
Unknown command.
Something is blocking the doorway!
Something hits you!
* * * LOW HITPOINT WARNING * * *
Okay, then.
Okay, then.
Really read
b - a scroll of blinking {!r}?
Blink to where?
Press: ? - help, Dir - move target cursor, p - demonic crawler You are very lightly contaminated with residual magic.
As you read the scroll of blinking {!r}, it crumbles to dust.
Something hits you!
* * * LOW HITPOINT WARNING * * *
Something hits you but does no damage.
Casting: Sandblast
Confirm with . or Enter, or press ? or * to list all spells.
Aiming: Petrify
Press: ? - help, Shift-Dir - straight line, f - demonic crawler
Aim: a demonic crawler (translocational energy, clinging, umbra, chance to defeat MR: 7%)
You miscast Petrify.
Nothing appears to happen.
The jelly quivers.
Something hits you.
* * * LOW HITPOINT WARNING * * *
Unknown command.
Really quaff
e - 4 potions of curing {!q}?
You feel better.
The demonic crawler completely misses you.
The demonic crawler hits you!
* * * LOW HITPOINT WARNING * * *
The demonic crawler hits you.
* * * LOW HITPOINT WARNING * * *
The demonic crawler hits you.
* * * LOW HITPOINT WARNING * * *
The demonic crawler barely misses you. The demonic crawler hits you.
You die...

.'..._#§≈§§)#§§# ∆∆∆
##_.#'##'#####'###
###'#.#)...###.+.#
###.####'###.###.#
.'...'..[..'.∩##.# ∆∆
##.).###########.# ∆∆
###.###. ....§##§# ∆
∆∆∆
#.#'#.#........J§#
∆∆∆
#.....#...######@#∆∆
∆∆∆
#.....#.J..nJJ§#s# ∆∆
#######.n..§§§#{{#∆∆∆
∆∆∆∆.......{####∆ ∆∆∆
......≈≈# ∆∆∆
....J≈≈## ∆∆ .≈≈≈≈##
∆ ##### ∆∆∆∆∆


You could see a demonic crawler and a jelly.

Vanquished Creatures
  2 centaur warriors (D)
  Sonja (D)
  A deep troll (D)
  A lindwurm (D)
  An oklob plant (D)
  2 kobold demonologists (D)
  A demonic crawler (D)
  A slime creature (D)
  A hornet (D)
  2 redbacks (D)
  A yak (D)
  Sigmund (D)
  2 floating eyes (D)
  An ogre (D)
  A jelly (D)
  Ijyb (D)
  A ballistomycete (D)
  A ballistomycete spore (D)
22 creatures vanquished.

Vanquished Creatures (others)
  A gargoyle (D)
  A ballistomycete spore (D)
2 creatures vanquished.

Grand Total: 24 creatures vanquished

Notes
Turn   | Place    | Note
-------+----------+-------------------------------------------
     0 | D        | Amnesiac the Gnoll Earth Elementalist began the quest for the Orb.
     0 | D        | Reached XP level 1. HP: 13/13 MP: 6/6
     1 | D        | Noticed Ijyb
     7 | D        | Killed Ijyb
     7 | D        | Reached skill level 1 in Fighting
     7 | D        | Reached skill level 1 in Short Blades
     7 | D        | Reached skill level 1 in Long Blades
     7 | D        | Reached skill level 1 in Axes
     7 | D        | Reached skill level 1 in Maces & Flails
     7 | D        | Reached skill level 1 in Polearms
     7 | D        | Reached skill level 1 in Staves
     7 | D        | Reached skill level 1 in Slings
     7 | D        | Reached skill level 1 in Bows
     7 | D        | Reached skill level 1 in Crossbows
     7 | D        | Reached skill level 1 in Throwing
     7 | D        | Reached skill level 1 in Armour
     7 | D        | Reached skill level 1 in Shields
     7 | D        | Reached skill level 1 in Unarmed Combat
     7 | D        | Reached skill level 5 in Spellcasting
     7 | D        | Reached skill level 1 in Conjurations
     7 | D        | Reached skill level 1 in Hexes
     7 | D        | Reached skill level 1 in Charms
     7 | D        | Reached skill level 1 in Summonings
     7 | D        | Reached skill level 1 in Necromancy
     7 | D        | Reached skill level 1 in Translocations
     7 | D        | Reached skill level 1 in Fire Magic
     7 | D        | Reached skill level 1 in Ice Magic
     7 | D        | Reached skill level 1 in Air Magic
     7 | D        | Reached skill level 1 in Poison Magic
     7 | D        | Reached skill level 1 in Invocations
     7 | D        | Reached skill level 1 in Evocations
     7 | D        | Reached XP level 2. HP: 22/22 MP: 0/8
     7 | D        | Reached XP level 3. HP: 27/27 MP: 0/9
    67 | D        | Noticed an ogre
    70 | D        | Killed an ogre
    70 | D        | Reached skill level 5 in Dodging
    70 | D        | Reached skill level 5 in Stealth
    70 | D        | Reached XP level 4. HP: 34/34 MP: 4/11
   116 | D        | Noticed Sigmund
   120 | D        | Killed Sigmund
   120 | D        | Reached XP level 5. HP: 31/42 MP: 7/14
   120 | D        | Reached XP level 6. HP: 36/48 MP: 7/15
   127 | D        | Learned a level 2 spell: Passwall
   132 | D        | Learned a level 4 spell: Petrify
   138 | D        | Learned a level 5 spell: Lee's Rapid Deconstruction
   155 | D        | Found an ornate altar of the Wu Jian Council.
   155 | D        | Found a deep blue altar of Sif Muna.
   157 | D        | Found a radiant altar of Vehumet.
   164 | D        | Found Norghypsy's Food Emporium.
   164 | D        | Found an ancient bone altar of Kikubaaqudgha.
   164 | D        | Found a hazy altar of Hepliaklqana.
   164 | D        | Found a hide-covered altar of Uskayaw.
   164 | D        | Found a basalt altar of Yredelemnul.
   164 | D        | Found an opulent altar of Gozag.
   164 | D        | Found a snail-covered altar of Cheibriados.
   164 | D        | Found a sacrificial altar of Ru.
   164 | D        | Found a shadowy altar of Dithmenos.
   164 | D        | Noticed a yak
   165 | D        | Found a stormy altar of Qazlal.
   165 | D        | Found a blossoming altar of Fedhas.
   165 | D        | Found a bloodstained altar of Trog.
   165 | D        | Found an iron altar of Okawaru.
   165 | D        | Found a glowing silver altar of Zin.
   170 | D        | Killed a yak
   170 | D        | Reached skill level 5 in Invocations
   171 | D        | Found a glowing golden altar of the Shining One.
   171 | D        | Found a white marble altar of Elyvilon.
   173 | D        | Found a sparkling altar of Nemelex Xobeh.
   179 | D        | Became a worshipper of Dithmenos the Shadowed
   211 | D        | Found a viscous altar of Jiyva.
   211 | D        | Found a corrupted altar of Lugonu.
   211 | D        | Found a burning altar of Makhleb.
   211 | D        | Found a shimmering altar of Xom.
   211 | D        | Noticed a slime creature
   214 | D        | Killed a slime creature
   214 | D        | Reached skill level 5 in Fighting
   214 | D        | Reached skill level 5 in Short Blades
   214 | D        | Reached skill level 5 in Long Blades
   214 | D        | Reached skill level 5 in Axes
   214 | D        | Reached skill level 5 in Maces & Flails
   214 | D        | Reached skill level 5 in Polearms
   214 | D        | Reached skill level 5 in Staves
   214 | D        | Reached skill level 5 in Slings
   214 | D        | Reached skill level 5 in Bows
   214 | D        | Reached skill level 5 in Crossbows
   214 | D        | Reached skill level 5 in Throwing
   214 | D        | Reached skill level 5 in Armour
   214 | D        | Reached skill level 5 in Shields
   214 | D        | Reached skill level 5 in Unarmed Combat
   214 | D        | Reached skill level 5 in Transmutations
   214 | D        | Reached skill level 5 in Evocations
   214 | D        | Reached XP level 7. HP: 16/56 MP: 11/18
   451 | D        | Noticed a kobold demonologist
   451 | D        | Noticed a kobold demonologist
   451 | D        | Killed a kobold demonologist
   451 | D        | Reached XP level 8. HP: 64/64 MP: 16/19
   452 | D        | Reached * piety under Dithmenos
   452 | D        | Reached skill level 5 in Conjurations
   452 | D        | Reached skill level 5 in Hexes
   452 | D        | Reached skill level 5 in Charms
   452 | D        | Reached skill level 5 in Summonings
   452 | D        | Reached skill level 5 in Necromancy
   452 | D        | Reached skill level 5 in Translocations
   452 | D        | Reached skill level 5 in Fire Magic
   452 | D        | Reached skill level 5 in Ice Magic
   452 | D        | Reached skill level 5 in Air Magic
   452 | D        | Reached skill level 5 in Poison Magic
   460 | D        | Killed a kobold demonologist
   478 | D        | Noticed a demonic crawler
   478 | D        | Noticed a demonic crawler
   478 | D        | Noticed a demonic crawler
   478 | D        | Noticed a demonic crawler
   499 | D        | Noticed a lindwurm
   503 | D        | Killed a lindwurm
   503 | D        | Reached ** piety under Dithmenos
   503 | D        | Reached XP level 9. HP: 67/72 MP: 11/21
   517 | D        | Killed a demonic crawler
   523 | D        | HP: 1/72 [demonic crawler (10)]
   530 | D        | Killed a gargoyle
   875 | D        | Noticed a centaur warrior
   875 | D        | Noticed a centaur warrior
   891 | D        | Killed a centaur warrior
   893 | D        | Killed a centaur warrior
   903 | D        | Noticed a hornet
   906 | D        | Killed a hornet
   906 | D        | Reached XP level 10. HP: 80/80 MP: 21/23
   933 | D        | Noticed a deep troll
   933 | D        | Killed a deep troll
   933 | D        | Reached *** piety under Dithmenos
   950 | D        | Noticed Sonja
   950 | D        | Killed Sonja
   950 | D        | Reached skill level 10 in Spellcasting
   980 | D        | Found Hixo Vam's Armour Emporium.
  1194 | D        | Found Hennubov's Jewellery Boutique.
  1202 | D        | Bought the cursed ring "Nolodeo" {*Drain rElec rC+ Int-3 Stlth+} for 176 gold pieces
  1203 | D        | Bought an uncursed ring of stealth for 210 gold pieces
  1203 | D        | Bought an uncursed amulet of faith for 480 gold pieces
  1259 | D        | Noticed an oklob plant
  1478 | D        | Killed an oklob plant
  1478 | D        | Reached skill level 10 in Dodging
  1484 | D        | Reached **** piety under Dithmenos
  1487 | D        | Reached skill level 10 in Stealth
  1521 | D        | HP: 3/83 [demonic crawler (3)]
  1521 | D        | Slain by a demonic crawler

Vault maps used:
D:        dungeon_sprint_1

Skill      XL: |  1  2  3  4  5  6  7  8  9 10 |
---------------+-------------------------------+-----
Fighting       | 1 2 4 5 6 7 8 9 |  9.1
Short Blades   | 1 2 4 5 6 7 8 9 |  9.1
Long Blades    | 1 2 4 5 6 7 8 9 |  9.1
Axes           | 1 2 4 5 6 7 8 9 |  9.1
Maces & Flails | 1 2 4 5 6 7 8 9 |  9.1
Polearms       | 1 2 4 5 6 7 8 9 |  9.1
Staves         | 1 2 4 5 6 7 8 9 |  9.1
Slings         | 1 2 4 5 6 7 8 9 |  9.1
Bows           | 1 2 4 5 6 7 8 9 |  9.1
Crossbows      | 1 2 4 5 6 7 8 9 |  9.1
Throwing       | 1 2 4 5 6 7 8 9 |  9.1
Armour         | 1 2 4 5 6 7 8 9 |  9.1
Shields        | 1 2 4 5 6 7 8 9 |  9.1
Unarmed Combat | 1 2 4 5 6 7 8 9 |  9.1
Spellcasting   | 5 6 7 8 9 10 | 10.3
Conjurations   | 1 2 3 4 5 6 7 |  7.5
Hexes          | 1 2 3 4 5 6 7 |  7.5
Charms         | 1 2 3 4 5 6 7 |  7.5
Summonings     | 1 2 3 4 5 6 7 |  7.5
Necromancy     | 1 2 3 4 5 6 7 |  7.5
Translocations | 1 2 3 4 5 6 7 |  7.5
Transmutations | 2 3 4 5 6 7 |  7.9
Fire Magic     | 1 2 3 4 5 6 7 |  7.5
Ice Magic      | 1 2 3 4 5 6 7 |  7.5
Air Magic      | 1 2 3 4 5 6 7 |  7.5
Poison Magic   | 1 2 3 4 5 6 7 |  7.5
Invocations    | 1 3 4 6 7 9 |  9.9
Evocations     | 1 2 4 5 6 7 8 9 |  9.1
Dodging        | 5 6 7 8 9 10 | 10.1
Stealth        | 5 6 7 8 9 10 | 10.0
Earth Magic    | 6 7 8 9 |  9.4

Action                   |  1- 3 |  4- 6 |  7- 9 | 10-12 || total
-------------------------+-------+-------+-------+-------++-------
Melee: Dagger            |       |     2 |     7 |    20 ||    29
       Bite              |       |       |     1 |     3 ||     4
 Cast: Sandblast         |     8 |    12 |    10 |     2 ||    32
       Passwall          |       |     1 |     8 |    12 ||    21
       Petrify           |       |       |       |     1 ||     1
Invok: Shadow Step       |       |       |     1 |       ||     1
  Use: Potion            |       |       |     2 |     1 ||     3
       Scroll            |       |       |     1 |     1 ||     2
 Stab: Sleeping          |       |     2 |     7 |     5 ||    14
       Petrified         |       |       |       |     2 ||     2
Armor: Robe              |       |       |     1 |     2 ||     3
Dodge: Dodged            |     2 |     4 |    32 |     8 ||    46

Table legend:
 A = Spawn XP
 B = Non-spawn XP
 C = Spawn XP percentage of total XP
 D = Spawn monster count
 E = Non-spawn monster count
 F = Spawn count percentage of total count
 G = Total turns spent on level
                    A         B        C        D         E        F      G
               +---------+---------+-------+---------+---------+-------+---------
         Total |       0 |    7572 |   0.0 |       0 |      20 |   0.0 |  1521
               +---------+---------+-------+---------+---------+-------+---------
             D |       0 |    7572 |   0.0 |       0 |      20 |   0.0 |  1521
               +---------+---------+-------+---------+---------+-------+---------
